[Event "ICC tourney 1987 (15 5)"]
[Site "Internet Chess Club"]
[Date "2020.08.30"]
[Round "6"]
[White "jy2020"]
[Black "Monkeybomb3605"]
[Result "1-0"]
[ICCResult "Black resigns"]
[WhiteElo "2248"]
[BlackElo "1973"]
[Opening "Sicilian: Scheveningen (Paulsen), classical variation"]
[ECO "B85"]
[NIC "SI.23"]
[Time "17:01:28"]
[TimeControl "900+5"]

1. e4 c5 2. Nf3 d6 3. d4 cxd4 4. Nxd4 Nf6 5. Nc3 a6 6. Be2 e6 7. O-O Be7 8.
Be3 O-O 9. f4 Qc7 10. Bf3 Nc6 11. Nxc6 bxc6 12. Na4 Rb8 13. c4 c5 14. Qc2
Bd7 15. Nc3 Bc6 16. Rad1 Qb7 17. b3 Rfd8 18. Qd3 a5 19. Rfe1 a4 20. bxa4 Qa6
21. Rd2 Bxa4 22. Nxa4 Qxa4 23. Qc3 Nd7 24. Rc1 Bf6 25. Qd3 Nb6 26. Qe2 Qa3
27. Rd3 Qa4 28. Rb3 Nd7 29. Rcb1 Rxb3 30. axb3 Qa3 31. Qd3 Nb8 32. Bc1 Qa5
33. Bd2 Qa2 34. b4 cxb4 35. Rxb4 Nc6 36. Rb1 Ra8 37. e5 Ra3 38. Bxc6 Bd8 39.
Rb8 {Black resigns} 1-0

[Event "ICC tourney 1987 (15 5)"]
[Site "Internet Chess Club"]
[Date "2020.08.30"]
[Round "6"]
[White "rychessmaster1"]
[Black "cooljay"]
[Result "1-0"]
[ICCResult "Black resigns"]
[WhiteElo "2151"]
[BlackElo "2047"]
[Opening "Nimzovich-Larsen attack: modern variation"]
[ECO "A01"]
[NIC "VO.08"]
[Time "17:01:32"]
[TimeControl "900+5"]

1. b3 e5 2. Bb2 Nc6 3. Nf3 d6 4. d4 exd4 5. Nxd4 Bd7 6. e3 Nf6 7. Be2 g6 8.
O-O Bg7 9. Nd2 O-O 10. c4 a6 11. Qc2 Rb8 12. Rac1 Nb4 13. Qb1 c5 14. N4f3
Re8 15. Qa1 Bf5 16. a3 Nc6 17. Rfd1 Qe7 18. Nf1 Na5 19. Qa2 b5 20. Bc3 Nc6
21. Ng3 Be6 22. Bxf6 Bxf6 23. Ne4 Red8 24. Qd2 d5 25. Nxf6+ Qxf6 26. cxb5
Ne5 27. bxa6 Rxb3 28. Rxc5 Rxa3 29. Nxe5 Qxe5 30. h3 Bc8 31. Rxd5 Rxd5 32.
Qxd5 Qxd5 33. Rxd5 Bxa6 34. Rd8+ Kg7 35. Ra8 Bxe2 36. Rxa3 Bc4 37. Ra7 Be6
38. f4 Kf6 39. Kf2 h5 40. e4 Bc4 41. g4 hxg4 42. hxg4 Be6 43. Kf3
{Black resigns}
1-0

[Event "ICC tourney 1987 (15 5)"]
[Site "Internet Chess Club"]
[Date "2020.08.30"]
[Round "6"]
[White "Mookmookarmy"]
[Black "tedchen"]
[Result "1-0"]
[ICCResult "Black resigns"]
[WhiteElo "2266"]
[BlackElo "2282"]
[Opening "Robatsch (modern) defense"]
[ECO "B06"]
[NIC "KF.05"]
[Time "17:01:32"]
[TimeControl "900+5"]

1. e4 g6 2. d4 Bg7 3. Nc3 d6 4. Be3 Nc6 5. Nge2 e5 6. f3 Nge7 7. Qd2 O-O 8.
d5 Nb8 9. g4 f5 10. gxf5 gxf5 11. O-O-O f4 12. Bf2 Nd7 13. h4 a6 14. Bh3 Nf6
15. Ng1 b5 16. Bxc8 Nxc8 17. Nh3 h6 18. Rdg1 Nh5 19. Ne2 Nb6 20. b3 a5 21.
Ng5 hxg5 22. hxg5 Ng3 23. Bxg3 fxg3 24. Nxg3 a4 25. Nf5 axb3 26. cxb3 Qd7
27. Qh2 Rxf5 28. Qh7+ Kf8 29. exf5 Rxa2 30. Kb1 Rf2 31. f6 Rxf3 32. Rf1 Rf4
33. Rxf4 exf4 34. Qe4 Nc8 35. Qxf4 Ne7 36. fxg7+ Kxg7 37. Qf6+ {Black
resigns} 1-0

[Event "ICC tourney 1987 (15 5)"]
[Site "Internet Chess Club"]
[Date "2020.08.30"]
[Round "6"]
[White "Slypawn"]
[Black "gardemarin13"]
[Result "1-0"]
[ICCResult "Black forfeits on time"]
[WhiteElo "2141"]
[BlackElo "1921"]
[Opening "Sicilian defense"]
[ECO "B20"]
[NIC "SI.48"]
[Time "17:01:38"]
[TimeControl "900+5"]

1. e4 c5 2. b3 Nc6 3. Bb2 e5 4. Bb5 Nge7 5. Nc3 d6 6. Nge2 g6 7. d3 Bg7 8.
O-O O-O 9. Nd5 Nxd5 10. exd5 Ne7 11. Bc4 a6 12. a4 b6 13. f4 Bb7 14. fxe5
Nxd5 15. Qd2 dxe5 16. Rae1 Nc7 17. b4 Qd6 18. Bc3 Nd5 19. Bxd5 Qxd5 20. Ng3
f5 21. Re2 Rfd8 22. Kh1 a5 23. bxa5 c4 24. Qe3 cxd3 25. Rd2 e4 26. Bxg7 Kxg7
27. cxd3 Ba6 28. Qg5 Rf8 29. dxe4 Qf7 30. Rxf5 Qc4 31. Rd8
{Black forfeits on time}
1-0

[Event "ICC tourney 1987 (15 5)"]
[Site "Internet Chess Club"]
[Date "2020.08.30"]
[Round "6"]
[White "IndianTerritory"]
[Black "icyblizzard"]
[Result "1-0"]
[ICCResult "Black resigns"]
[WhiteElo "2020"]
[BlackElo "2101"]
[Opening "Sicilian: dragon, classical, 9.Nb3"]
[ECO "B74"]
[NIC "SI.33"]
[Time "17:01:53"]
[TimeControl "900+5"]

1. e4 c5 2. Nf3 Nc6 3. d4 cxd4 4. Nxd4 g6 5. Nc3 Bg7 6. Nb3 Nf6 7. Be2 O-O
8. O-O d6 9. Be3 Be6 10. Qd2 Qc8 11. Nd4 Nxd4 12. Bxd4 Rd8 13. Qe3 d5 14.
exd5 Nxd5 15. Nxd5 Rxd5 16. Bxg7 Kxg7 17. Bf3 Rd6 18. Rac1 Qc7 19. Qe4 Rb8
20. c4 Kg8 21. a3 b6 22. b4 Rc8 23. c5 bxc5 24. bxc5 Rd5 25. c6 Rd6 26. Qe3
Bd5 27. Bxd5 Rxd5 28. Rc2 Rd6 29. Rfc1 e6 30. Qf3 Rd5 31. Qf6 Qd6 32. Qa1
Rc7 33. Qb1 Kf8 34. f3 Ke7 35. Rc3 Rd2 36. Kh1 e5 37. h3 Kf6 38. Qb3 Qd5 39.
Qb4 Rd1+ 40. Rxd1 Qxd1+ 41. Kh2 Qd5 42. Rc5 Qd6 43. f4 exf4 44. Rf5+ Ke6 45.
Qe4+ {Black resigns} 1-0

[Event "ICC tourney 1987 (15 5)"]
[Site "Internet Chess Club"]
[Date "2020.08.30"]
[Round "6"]
[White "Plato"]
[Black "Averyyu321"]
[Result "1-0"]
[ICCResult "Black checkmated"]
[WhiteElo "2085"]
[BlackElo "1759"]
[Opening "Sicilian"]
[ECO "B50"]
[NIC "SI.01"]
[Time "17:01:52"]
[TimeControl "900+5"]

1. e4 c5 2. Nf3 d6 3. c3 Nf6 4. Be2 g6 5. O-O Bg7 6. Bb5+ Nbd7 7. Re1 a6 8.
Bxd7+ Nxd7 9. d4 Qc7 10. Nbd2 b5 11. a4 Bb7 12. Qe2 c4 13. Nf1 O-O 14. Bg5
e5 15. dxe5 dxe5 16. axb5 axb5 17. b4 Nf6 18. Bxf6 Bxf6 19. Ne3 Bg7 20. Nd5
Bxd5 21. exd5 Rxa1 22. Rxa1 Rd8 23. Rd1 f5 24. Ng5 Qd6 25. Ne6 Re8 26. Nxg7
Kxg7 27. h4 e4 28. Qe3 Rd8 29. Qc5 Qd7 30. d6 Rc8 31. Qe5+ Kg8 32. Rd5 Rb8
33. h5 Kf7 34. h6 Kg8 35. Rc5 Rb7 36. Qd5+ Kf8 37. Qd4 Kg8 38. Re5 Qf7 39.
Rd5 Qd7 40. Qf6 Rb8 41. Rc5 Rb7 42. Qe5 Rb8 43. Rc7 Re8 44. Qd4 Qxc7 45.
dxc7 Rc8 46. Qg7# {Black checkmated} 1-0

[Event "ICC tourney 1987 (15 5)"]
[Site "Internet Chess Club"]
[Date "2020.08.30"]
[Round "6"]
[White "funplaychess"]
[Black "Joelpaulg"]
[Result "1-0"]
[ICCResult "Black resigns"]
[WhiteElo "2375"]
[BlackElo "2113"]
[Opening "King's Indian: 5.Nf3"]
[ECO "E90"]
[NIC "KI.20"]
[Time "17:02:23"]
[TimeControl "900+5"]

1. d4 Nf6 2. c4 g6 3. Nc3 Bg7 4. e4 d6 5. Nf3 O-O 6. h3 e5 7. d5 a5 8. Be3
Na6 9. g4 Nd7 10. Rg1 Ndc5 11. Nd2 Kh8 12. a3 Bd7 13. Qc2 f5 14. gxf5 gxf5
15. O-O-O f4 16. Bxc5 Nxc5 17. Nb3 Nxb3+ 18. Qxb3 Qh4 19. Rd2 Bh6 20. Kb1 f3
21. Rc2 Rg8 22. Rh1 Rab8 23. a4 b6 24. Ka2 Rbf8 25. Nb5 Bxb5 26. cxb5 Rf4
27. Bd3 Rg2 28. Rhc1 Rxf2 29. Rxc7 Rg2 30. Qc4 f2 31. Qc6 Rg1 32. Qxd6 Rf8
33. Qxe5+ Bg7 34. Qd6 Rxc1 35. Rxc1 Qxh3 36. Bf1 Qe3 37. Qc6 Qxe4 38. d6
Qxa4+ 39. Kb1 Qb4 40. Rc2 a4 41. d7 a3 42. Qc8 axb2 43. Qxf8+ Bxf8 44. d8=Q
Qe1+ 45. Kxb2 Qb4+ 46. Ka2 Qa3+ 47. Kb1 Qb4+ 48. Rb2 Qe4+ 49. Kc1 Qf4+ 50.
Qd2 Qe5 51. Kd1 Qh5+ 52. Qe2 Qd5+ 53. Qd3 Qh5+ 54. Re2 Qc5 55. Re4 Qg5 56.
Qd4+ Kg8 57. Rg4 {Black resigns} 1-0

[Event "ICC tourney 1987 (15 5)"]
[Site "Internet Chess Club"]
[Date "2020.08.30"]
[Round "6"]
[White "ulanru2020"]
[Black "town"]
[Result "1-0"]
[ICCResult "Black resigns"]
[WhiteElo "2311"]
[BlackElo "2125"]
[Opening "Queen's pawn, Mason variation, Steinitz counter-gambit"]
[ECO "D00"]
[NIC "QP.08"]
[Time "17:01:44"]
[TimeControl "900+5"]

1. d4 d5 2. Bf4 c5 3. e3 Nc6 4. c3 Nf6 5. Nf3 Qb6 6. Qb3 c4 7. Qxb6 axb6 8.
Nbd2 Bf5 9. a3 b5 10. Rc1 Nd7 11. Be2 Nb6 12. O-O h6 13. Bd1 e6 14. Bc2 Bxc2
15. Rxc2 Be7 16. e4 O-O 17. Re1 Rfe8 18. Bc7 Na4 19. h3 Rac8 20. Bh2 Bf8 21.
Nf1 g6 22. exd5 exd5 23. Ne3 Rcd8 24. Rce2 Bg7 25. g4 Rd7 26. Kf1 Kf8 27. h4
Kg8 28. Bg3 Re4 29. Nd2 Re8 30. Nf3 Re4 31. h5 Kh7 32. hxg6+ fxg6 33. Kg2
Kg8 34. Nh4 Kf7 35. f3 Re8 36. Kf2 Bf6 37. Nhg2 Kg7 38. Nf4 Nb6 39. Nfg2 Kf7
40. Bh4 Bxh4+ 41. Nxh4 Rde7 42. Nhg2 Rd7 43. Rh1 Rh8 44. Ke1 Rd6 45. Kd2 Nb8
46. Nc2 Nc6 47. Rhe1 Na4 48. Kc1 Nb6 49. Nb4 Nc8 50. Kc2 N8e7 51. Nf4 g5 52.
Ne6 Rc8 53. Nc5 b6 54. Nca6 Rf6 55. Re3 Rd6 56. Nxc6 Nxc6 57. Nb4 Rc7 58.
Re8 Nxb4+ 59. axb4 Rf6 60. Rh8 Re7 61. Rh7+ Kg8 62. Rhxe7 Rxf3 63. Rb7 Rf2+
64. Kb1 Rf6 65. Re8+ {Black resigns} 1-0

[Event "ICC tourney 1987 (15 5)"]
[Site "Internet Chess Club"]
[Date "2020.08.30"]
[Round "6"]
[White "largecrab"]
[Black "Venom2020"]
[Result "0-1"]
[ICCResult "White checkmated"]
[WhiteElo "2183"]
[BlackElo "2131"]
[Opening "Sicilian: accelerated fianchetto, modern variation with Bc4"]
[ECO "B35"]
[NIC "SI.33"]
[Time "17:01:34"]
[TimeControl "900+5"]

1. e4 c5 2. Nf3 Nc6 3. d4 cxd4 4. Nxd4 g6 5. Nc3 Bg7 6. Be3 Nf6 7. Bc4 O-O
8. Bb3 a5 9. f3 d5 10. exd5 Nb4 11. O-O Nfxd5 12. Nxd5 Nxd5 13. Bf2 a4 14.
Bc4 a3 15. bxa3 Ra4 16. Qd3 Nf4 17. Qb3 Rxc4 18. Qxc4 Bxd4 19. Bxd4 Qxd4+
20. Qxd4 Ne2+ 21. Kf2 Nxd4 22. c3 Nb5 23. a4 Nxc3 24. Rfc1 Nd5 25. Rab1 b6
26. Rb5 e6 27. a5 Ba6 28. Rbb1 bxa5 29. Rc5 a4 30. Ra5 Bd3 31. Rc1 Rb8 32.
Rxa4 Rb2+ 33. Kg3 h5 34. Rd4 Bf5 35. a4 Ra2 36. h4 Kg7 37. Kh2 Ne3 38. Rg1
Kf6 39. Rb4 Nd5 40. Rc4 Nb6 41. Rb4 Nxa4 42. Rc1 Nb2 43. Rc7 Nd3 44. Rbb7
Nf4 45. Rxf7+ Ke5 46. Rb5+ Nd5 47. Kg3 Ra4 48. Rb1 Bxb1 49. Rb7 Bf5 50. Rb2
Ra3 51. Re2+ Kf6 52. Kf2 g5 53. hxg5+ Kxg5 54. Re5 Ra2+ 55. Kg3 h4+ 56. Kh2
Nf4 57. Kh1 Nxg2 58. Kg1 Nf4 59. Kh1 h3 60. Re1 Ra3 61. Kh2 Rxf3 62. Rg1+
Kh4 63. Kh1 Rg3 64. Re1 Rb3 65. Kh2 Rb2+ 66. Kh1 Rb1 67. Kh2 Rb2+ 68. Kh1
Kg5 69. Rg1+ Kf6 70. Re1 Rb1 71. Rxb1 Bxb1 72. Kh2 Bf5 73. Kg3 Nd5 74. Kh2
Ke5 75. Kg3 Kd4 76. Kh2 Ke3 77. Kg3 Ke2 78. Kh2 Kf2 79. Kh1 Kg3 80. Kg1 Ne3
81. Kh1 Be4+ 82. Kg1 h2# {White checkmated} 0-1

[Event "ICC tourney 1987 (15 5)"]
[Site "Internet Chess Club"]
[Date "2020.08.30"]
[Round "6"]
[White "MasterZachary"]
[Black "marble"]
[Result "0-1"]
[ICCResult "White resigns"]
[WhiteElo "2301"]
[BlackElo "2545"]
[Opening "Robatsch defense: two knights, Suttles variation"]
[ECO "B06"]
[NIC "KF.05"]
[Time "17:01:30"]
[TimeControl "900+5"]

1. e4 g6 2. d4 Bg7 3. Nc3 c6 4. Nf3 d6 5. Bc4 Nf6 6. O-O d5 7. exd5 cxd5 8.
Bb5+ Bd7 9. Bf4 O-O 10. Bxd7 Nbxd7 11. Qd2 Nb6 12. Ne5 Nfd7 13. b3 Rc8 14.
Rfe1 Nxe5 15. Bxe5 e6 16. Bxg7 Kxg7 17. Re3 Nd7 18. Rh3 h5 19. Ne2 Nf6 20.
Nf4 Ne4 21. Qe2 Qf6 22. Qe3 Rxc2 23. Rf3 Qg5 24. Rg3 Qf5 25. Rf3 Rc3 26. Nd3
Qg5 27. Qe2 Rfc8 28. g3 Rc2 29. Qe1 h4 30. Kg2 h3+ 31. Kxh3 Qd2 32. Qxd2
Rxd2 33. Kg2 Rc3 34. Ne5 Rxf3 35. Kxf3 Rxf2+ 36. Ke3 Rxh2 37. Rc1 Rg2 38.
Rc7 Rxg3+ 39. Ke2 Ng5 40. Kf2 Rh3 41. Kg2 Rh4 42. Rxb7 a5 43. Nc6 Re4 44.
Kf2 Kf6 45. Nxa5 Rxd4 46. Ke3 Re4+ 47. Kd3 Nf3 48. Nc6 g5 49. Rb8 g4 50. Rg8
Ne5+ 51. Nxe5 Kxe5 52. a4 Rb4 53. Kc3 Rb7 54. Rxg4 f5 55. Rg1 f4 56. a5 f3
57. b4 Kd6 58. Kb3 f2 59. Rf1 Rf7 60. a6 Kc6 61. Ka4 Kb6 62. b5 Rf4+ 63. Kb3
e5 64. Kc3 Rf7 65. Kb4 e4 66. Kc3 e3 67. Kd3 d4 68. Ke2 Kxb5 {White resigns}
0-1

[Event "ICC tourney 1987 (15 5)"]
[Site "Internet Chess Club"]
[Date "2020.08.30"]
[Round "6"]
[White "TjkTiger"]
[Black "espark"]
[Result "1/2-1/2"]
[ICCResult "Game drawn by mutual agreement"]
[WhiteElo "2572"]
[BlackElo "2316"]
[Opening "QGD: Charousek (Petrosian) variation"]
[ECO "D31"]
[NIC "EO.64"]
[Time "17:01:34"]
[TimeControl "900+5"]

1. c4 e6 2. Nc3 d5 3. d4 Be7 4. cxd5 exd5 5. Bf4 Nf6 6. e3 O-O 7. Bd3 c5 8.
dxc5 Bxc5 9. Nge2 Nc6 10. O-O Be6 11. Rc1 a6 12. Bg5 Be7 13. Nf4 Rc8 14.
Bxf6 Bxf6 15. Ncxd5 Bxb2 16. Rb1 Be5 17. Rxb7 Bxd5 18. Nxd5 Qa5 19. f4 Bd6
20. Qh5 g6 21. Nf6+ Kg7 22. Qxh7+ Kxf6 23. f5 g5 24. Qh6+ Ke5 25. f6 Rg8 26.
Rf5+ Ke6 27. Rxa5 Nxa5 28. Qh7 Bxh2+ 29. Kf2 Nxb7 30. Bf5+ Kxf6 31. Bxc8
Rxc8 32. Qh6+ Ke7 33. Qxh2 Rc2+ 34. Kf3 Nd8 35. Qe5+ Ne6 36. Qd5 Rc7 37. a4
Rd7 38. Qc4 Rd6 39. Kg4 Rb6 40. g3 Rd6 41. Qb4 Nd8 42. Kxg5 Kd7 43. g4 Re6
44. e4 Ke8 45. Kf4 Rg6 46. Qb8 Re6 47. Qc8 Rg6 48. Kg3 Re6 49. Qa8 Rg6 50.
Qd5 Re6 51. a5 Rg6 52. Qb3 Re6 53. Qa4+ Ke7 54. Kh4 Rg6 55. Kh5 Re6 56. Qc4
Rg6 57. Qc7+ Ke8 58. Qa7 Re6 59. Kh4 Rg6 60. Kg3 Re6 61. Kf3 Rg6 62. Ke3 Re6
63. Qa8 Rg6 64. Kd4 Re6 65. Kd5 Rg6 66. e5 Re6 67. Qc8 Rg6 68. Qf5 Re6 69.
Qh7 Rg6 70. Qh8+ Ke7 71. g5 Re6 72. Qh5 Rg6 73. Qh4 Ke8 74. Qa4+ Ke7 75.
Qb4+ Ke8 76. Qc4 Re6 77. Qc8 Rg6 78. Ke4 Re6 79. Kf5 Rg6 80. Qc1 Re6 81. Qc4
Rg6 82. Qh4 Re6 83. Qh7 Ke7 84. Qh8 Rg6 85. Ke4 Re6 86. Kd5 Rg6 87. Qh4 Ke8
88. Qa4+ Ke7 89. Qe4 Re6 90. Kc5 Rg6 91. Qd5 Re6 92. Qb3 Rg6 93. Qb8 Re6 94.
Qc7+ Ke8 95. Qa7 Rg6 96. Kd5 Re6 97. Qf2 Rg6 98. Qf5 Re6 99. Qh3 Rg6 100.
Qb3 Re6 101. Qa4+ Ke7 102. Qa3+ Ke8 103. Qf3 Rg6 104. Kc5 Re6 105. Qd5 Rg6
106. Qb3 Re6 107. Qb8 Rg6 108. Kd5 Re6 109. Ke4 Rg6 110. Kf5 Re6 111. Qb1
Rg6 112. Qh1 Re6 113. Qh8+ Ke7 114. Qg8 Rg6 115. Qh7 Re6 116. Qh5 Ke8 117.
Qd1 Rg6 118. Ke4 Re6 119. Kd5 Rg6 120. Qb1 Re6 121. Qb2 Ke7 122. Kc5 Ke8
123. Kd5 Ke7 124. Qb4+ Ke8 125. g6 Rxg6 126. Qa4+ Ke7 127. Qh4+ Ke8 128.
Qh8+ Ke7 129. Qh4+ Ke8 130. Qb4 Re6 131. Qb8 Rg6
{Game drawn by mutual agreement}
1/2-1/2

[Event "ICC tourney 1987 (15 5)"]
[Site "Internet Chess Club"]
[Date "2020.08.30"]
[Round "7"]
[White "InfernoKing"]
[Black "TjkTiger"]
[Result "0-1"]
[ICCResult "White checkmated"]
[WhiteElo "2137"]
[BlackElo "2574"]
[Opening "Sicilian: Hungarian variation"]
[ECO "B34"]
[NIC "SI.43"]
[Time "18:01:23"]
[TimeControl "900+5"]

1. e4 c5 2. Nf3 g6 3. d4 cxd4 4. Nxd4 Bg7 5. Nc3 Nc6 6. Be3 Nf6 7. f3 O-O 8.
Bc4 Qb6 9. Bb3 Nxe4 10. Nxe4 Bxd4 11. Bxd4 Qxd4 12. c3 Qxd1+ 13. Rxd1 d6 14.
Kf2 Kg7 15. h4 h5 16. Rdg1 Ne5 17. Ke3 a5 18. g4 hxg4 19. h5 Nxf3 20. Rg3 f5
21. h6+ Kh8 22. Rxf3 gxf3 23. Ng5 e6 24. h7 a4 25. Bc4 d5 26. Bb5 f4+ 27.
Kd4 Ra5 28. Bd3 e5+ 29. Kxe5 d4+ 30. Kd6 Rxg5 31. Ke7 Kg7 32. Bc4 Re5+ 33.
Kd6 Rh5 34. h8=Q+ Rhxh8 35. Re1 Rd8+ 36. Kc7 Rhe8 37. Rd1 Bg4 38. cxd4 Rc8+
39. Kxb7 Rxc4 40. d5 f2 41. Rf1 Rc2 42. d6 Bh3 43. d7 Rd8 44. b3 Bxf1 45.
bxa4 Rxd7+ 46. Kb6 Rd6+ 47. Ka5 Rb2 48. a3 Ra6# {White checkmated} 0-1

[Event "ICC tourney 1987 (15 5)"]
[Site "Internet Chess Club"]
[Date "2020.08.30"]
[Round "7"]
[White "icyblizzard"]
[Black "saiabhi29"]
[Result "0-1"]
[ICCResult "White resigns"]
[WhiteElo "2073"]
[BlackElo "2076"]
[Opening "Alekhine's defense: modern, Larsen variation"]
[ECO "B04"]
[NIC "AL.05"]
[Time "18:01:36"]
[TimeControl "900+5"]

1. e4 Nf6 2. e5 Nd5 3. d4 d6 4. Nf3 dxe5 5. Nxe5 c6 6. Bd3 Nd7 7. Bf4 Nxf4
8. Qf3 Nxe5 9. dxe5 Nxd3+ 10. cxd3 Qa5+ 11. Nc3 Qxe5+ 12. Kd2 Qg5+ 13. Kc2
Bf5 14. h4 Qg6 15. h5 Qg5 16. h6 O-O-O 17. Rad1 Qg6 18. Rhg1 Bg4 19. Qg3
Bxd1+ 20. Rxd1 Qxg3 21. fxg3 gxh6 22. Rf1 f6 23. g4 Rg8 24. Rf4 h5 25. gxh5
Rxg2+ 26. Kb3 Bh6 27. Re4 e5 28. Kc4 Rxb2 {White resigns} 0-1

[Event "ICC tourney 1987 (15 5)"]
[Site "Internet Chess Club"]
[Date "2020.08.30"]
[Round "7"]
[White "Aidenrchess"]
[Black "JosephLevine"]
[Result "1/2-1/2"]
[ICCResult "Game drawn by mutual agreement"]
[WhiteElo "1929"]
[BlackElo "2181"]
[Opening "French: Schlechter variation"]
[ECO "C01"]
[NIC "FR.01"]
[Time "18:01:43"]
[TimeControl "900+5"]

1. e4 e6 2. d4 d5 3. Bd3 dxe4 4. Bxe4 Nf6 5. Bf3 c5 6. Be3 cxd4 7. Qxd4 Qxd4
8. Bxd4 Nc6 9. Bxc6+ bxc6 10. Nf3 Ba6 11. Nbd2 Be7 12. O-O-O O-O 13. Rhe1 c5
14. Bc3 Rfd8 15. Ne5 Rd5 16. Nb3 Bb5 17. Na5 Rad8 18. Nac6
{Game drawn by mutual agreement}
1/2-1/2

[Event "ICC tourney 1987 (15 5)"]
[Site "Internet Chess Club"]
[Date "2020.08.30"]
[Round "7"]
[White "JMLPS59"]
[Black "hackerguru"]
[Result "0-1"]
[ICCResult "White checkmated"]
[WhiteElo "535"]
[BlackElo "1764"]
[Opening "Sicilian: closed, 2...Nc6"]
[ECO "B23"]
[NIC "SI.44"]
[Time "18:02:16"]
[TimeControl "900+5"]

1. e4 c5 2. Nc3 Nc6 3. Bc4 e6 4. Nf3 Nge7 5. O-O d5 6. Bb3 g6 7. d3 Bg7 8.
Bf4 O-O 9. exd5 exd5 10. Qd2 Be6 11. d4 Nxd4 12. Nxd4 cxd4 13. Nb5 Qb6 14.
Qd3 Nc6 15. Bc7 Qa6 16. Rfe1 Bf5 17. Qe2 d3 18. cxd3 Qxb5 19. Bd6 Rfd8 20.
Ba3 Nd4 21. Qe7 Nxb3 22. axb3 Be6 23. Re2 Qd7 24. Qg5 h6 25. Qg3 Kh7 26. Bb4
b6 27. h3 Qb5 28. Bc3 d4 29. Bd2 Qxb3 30. Ra6 Qd1+ 31. Be1 Qxe2 32. f3 Be5
33. f4 Bxf4 34. Qh4 Be3+ 35. Kh1 Qf1+ 36. Kh2 Bg1+ 37. Kg3 Qxe1+ 38. Kf3
Qe3# {White checkmated} 0-1

[Event "ICC tourney 1987 (15 5)"]
[Site "Internet Chess Club"]
[Date "2020.08.30"]
[Round "7"]
[White "VincentT2008"]
[Black "clair"]
[Result "1-0"]
[ICCResult "Black resigns"]
[WhiteElo "1871"]
[BlackElo "1708"]
[Opening "Modern defense"]
[ECO "A40"]
[NIC "QO.17"]
[Time "18:01:25"]
[TimeControl "900+5"]

1. d4 g6 2. c4 Bg7 3. Nc3 e6 4. e4 Ne7 5. f3 d5 6. Be3 dxe4 7. fxe4 Nbc6 8.
Nf3 O-O 9. Be2 f5 10. e5 f4 11. Bf2 Nf5 12. Qd2 Bh6 13. O-O Ne3 14. Rfe1 g5
15. Bxe3 fxe3 16. Qxe3 Rf4 17. g3 g4 18. gxf4 gxf3 19. Bxf3 Nxd4 20. Be4 c5
21. Kh1 Qh4 22. Qg3+ Qxg3 23. hxg3 Nf5 24. Bxf5 exf5 25. Rad1 Be6 26. Rd6
Bxc4 27. Rxh6 b5 28. Rd6 b4 29. Nd5 Bxa2 30. e6 a5 31. e7 Kf7 32. Rf6+ Ke8
33. Nc7+ Kd7 34. Nxa8 Bd5+ 35. Kh2 Bxa8 36. e8=Q+ {Black resigns} 1-0

[Event "ICC tourney 1987 (15 5)"]
[Site "Internet Chess Club"]
[Date "2020.08.30"]
[Round "7"]
[White "cooljay"]
[Black "chesslin"]
[Result "1-0"]
[ICCResult "Black resigns"]
[WhiteElo "2058"]
[BlackElo "1932"]
[Opening "Pirc: Austrian attack, 6.Bd3"]
[ECO "B06"]
[NIC "PU.02"]
[Time "18:01:24"]
[TimeControl "900+5"]

1. e4 g6 2. d4 Bg7 3. Nc3 d6 4. f4 Nf6 5. Nf3 O-O 6. Bd3 b6 7. e5 dxe5 8.
fxe5 Nd5 9. Nxd5 Qxd5 10. Qe2 Bb7 11. O-O c5 12. Bc4 Qe4 13. Qxe4 Bxe4 14.
Ng5 Bf5 15. Nxf7 e6 16. Nd6 cxd4 17. Nxf5 gxf5 18. Bxe6+ Kh8 19. Bd5 Nd7 20.
Bxa8 Rxa8 21. e6 Nc5 22. e7 Re8 23. Bg5 Ne4 24. Bh4 Nd6 25. Rae1 Kg8 26. Bg3
Ne4 27. Rxf5 Rxe7 28. Rf4 Nxg3 29. Rxe7 Bh6 30. Rg4+ Kf8 31. Re6 Nf5 32.
Rf6+ Ke7 33. Rxf5 Be3+ 34. Kf1 {Black resigns} 1-0

[Event "ICC tourney 1987 (15 5)"]
[Site "Internet Chess Club"]
[Date "2020.08.30"]
[Round "7"]
[White "Monkeybomb3605"]
[Black "Qigongmaster"]
[Result "1-0"]
[ICCResult "Black resigns"]
[WhiteElo "1991"]
[BlackElo "2158"]
[Opening "Pirc defense"]
[ECO "B07"]
[NIC "PU.07"]
[Time "18:02:55"]
[TimeControl "900+5"]

1. e4 d6 2. d4 Nf6 3. Nc3 g6 4. Be3 c6 5. Nf3 Bg7 6. h3 O-O 7. a4 Nbd7 8.
Be2 e5 9. O-O Re8 10. dxe5 dxe5 11. a5 a6 12. Nd2 b5 13. axb6 Nxb6 14. Bxb6
Qxb6 15. Nc4 Qd4 16. Bd3 Be6 17. Na5 c5 18. Qe2 Nh5 19. Qf3 c4 20. Be2 Nf4
21. Rfd1 Qc5 22. Ra4 Red8 23. Rxd8+ Rxd8 24. Nb7 Qc7 25. Nxd8 Qxd8 26. Bxc4
Qd2 27. Bxe6 Nxe6 28. Qd1 Qg5 29. Rxa6 Bf8 30. Nd5 Bc5 31. b4 Bxf2+ 32. Kxf2
Qh4+ 33. Kg1 Qxe4 34. Nf6+ {Black resigns} 1-0

[Event "ICC tourney 1987 (15 5)"]
[Site "Internet Chess Club"]
[Date "2020.08.30"]
[Round "7"]
[White "Joelpaulg"]
[Black "MasterZachary"]
[Result "1-0"]
[ICCResult "Black checkmated"]
[WhiteElo "2137"]
[BlackElo "2277"]
[Opening "KGA: Fischer defense"]
[ECO "C34"]
[NIC "KG.02"]
[Time "18:01:27"]
[TimeControl "900+5"]

1. e4 e5 2. f4 exf4 3. Nf3 d6 4. d4 g5 5. h4 g4 6. Ng1 Qf6 7. Nc3 c6 8. Nge2
f3 9. Ng3 f2+ 10. Ke2 b6 11. Bg5 Ba6+ 12. Ke3 Bh6 13. Qxg4 c5 14. Nf5 Ne7
15. Kxf2 Qe6 16. Nd5 Nxd5 17. exd5 Qxd5 18. Re1+ Kd7 19. Ne7+ f5 20. Nxd5
fxg4 21. Bxh6 Bxf1 22. Rhxf1 Nc6 23. dxc5 bxc5 24. Kg3 Ne5 25. Bg7 Rhb8 26.
Bxe5 dxe5 27. Rxe5 Rxb2 28. c4 Rxa2 29. Re7+ Kc6 30. Rf6# {Black checkmated}
1-0

[Event "ICC tourney 1987 (15 5)"]
[Site "Internet Chess Club"]
[Date "2020.08.30"]
[Round "7"]
[White "Venom2020"]
[Black "Slypawn"]
[Result "1-0"]
[ICCResult "Black resigns"]
[WhiteElo "2147"]
[BlackElo "2125"]
[Opening "Sicilian: Najdorf, Lipnitzky attack"]
[ECO "B86"]
[NIC "SI.13"]
[Time "18:01:24"]
[TimeControl "900+5"]

1. e4 c5 2. Nf3 d6 3. d4 cxd4 4. Nxd4 Nf6 5. Nc3 a6 6. Bc4 e6 7. Bb3 Be7 8.
g4 Nc6 9. Be3 O-O 10. g5 Ne8 11. h4 Na5 12. Qd2 Nxb3 13. axb3 Qc7 14. h5 f5
15. exf5 exf5 16. Nd5 Qd8 17. g6 h6 18. Bxh6 Nf6 19. Bxg7 Kxg7 20. Nf4 Ne4
21. h6+ Kh8 22. g7+ Kh7 23. gxf8=N+ Qxf8 24. Qe3 Bg5 25. Nfe6 Bxe6 26. Nxe6
Bxe3 27. Nxf8+ Rxf8 28. fxe3 Re8 29. Rf1 Kxh6 30. Rxf5 Kg6 31. Rf4 Nc5 32.
O-O-O Re6 33. Rg1+ Kh5 34. Rf2 Re4 35. Rh2+ Rh4 36. Rxh4+ Kxh4 37. Rd1 Ne4
38. Rd4 {Black resigns} 1-0

[Event "ICC tourney 1987 (15 5)"]
[Site "Internet Chess Club"]
[Date "2020.08.30"]
[Round "7"]
[White "town"]
[Black "rychessmaster1"]
[Result "1/2-1/2"]
[ICCResult "Game drawn by mutual agreement"]
[WhiteElo "2126"]
[BlackElo "2150"]
[Opening "Petrov: Nimzovich attack"]
[ECO "C42"]
[NIC "RG.03"]
[Time "18:01:23"]
[TimeControl "900+5"]

1. e4 e5 2. Nf3 Nf6 3. Nxe5 d6 4. Nf3 Nxe4 5. Nc3 Nxc3 6. dxc3 Be7 7. Bf4
Be6 8. Qd2 Nc6 9. Bd3 Qd7 10. O-O-O O-O-O 11. Kb1 h6 12. Nd4 Nxd4 13. cxd4
Qa4 14. a3 Qxd4 15. Be3 Qa4 16. f4 Rhe8 17. Rhe1 Bf6 18. h3 Bc4 19. g4 Qb5
20. c3 Bxd3+ 21. Qxd3 Qxd3+ 22. Rxd3 Re4 23. Kc1 Rde8 24. Kd2 g5 25. Rf1
gxf4 26. Rxf4 Rxe3 27. Rxe3 Rxe3 28. Kxe3 Bg5 29. h4 Bxf4+ 30. Kxf4 Kd7 31.
Kf5 Ke7 32. g5 hxg5 33. Kxg5 d5 34. b4 c6 35. h5 b6 36. h6 Kf8 37. Kf6 Kg8
38. Ke5 Kh7 39. Kd6 Kxh6 40. Kxc6 f5 41. Kxd5 f4 42. Ke4 Kg5 43. c4 Kg4 44.
c5 bxc5 45. bxc5 f3 46. c6 f2 47. c7 f1=Q 48. c8=Q+
{Game drawn by mutual agreement}
1/2-1/2